cohdb
Replays
Latest Replays
All Replays
Popular Replays
Top Player Replays
Match Explorer
How It Works
Community
CoH3 Stats
Reddit
Sign in to upload your games and track your stats! →
Sign in with Steam
Match 42052313
Unlisted
Match 42052313
Overview
Messages
Build Orders
End
Kettenkrad Recon Vehicle
Construct Infanterie Kompanie
Grenadier Squad
MG 42 Machine Gun Team
Grenadier Squad
GrW 34 Mortar Team
Construct Panzergrenadier Kompanie
Panzergrenadier Squad
Pak 40 Anti-tank Gun Team
Crafty776
『BlackBear』
DrinkIIScotch
[82AD] Janko
0
0
Comments
sign in to comment!
No comments posted yet!